 Dungeon Crawl Stone Soup version 0.23.0 (webtiles) character file.

Game seed: 18010996110987238062

7 Monsterracer the Grasshopper (level 1, 0/9 HPs)
             Began as a Felid Warper on Feb 16, 2019.
             Slain by a bat (1 damage)
             ... on level 1 of the Dungeon.
             The game lasted 00:00:26 (397 turns).

Monsterracer the Grasshopper (Felid Warper)          Turns: 397, Time: 00:00:27

Health: 0/9        AC:  1    Str:  7    XL:     1   Next: 83%
Magic:  4/4        EV: 18    Int: 14    God:
Gold:   10         SH:  0    Dex: 15    Spells: 4/4 levels left
                                        Lives:  0   Deaths: 0

rFire    . . .     SeeInvis +     - Unarmed
rCold    . . .     Gourm    .   (shield unavailable)
rNeg     . . .     Faith    .   (armour unavailable)
rPois    .         Spirit   .   (helmet unavailable)
rElec    .         Reflect  .   (cloak unavailable)
rCorr    .         Harm     .   (gloves unavailable)
MR       .....                  (boots unavailable)
Stlth    ++........             (no amulet)
HPRegen  0.03/turn              (no ring)
MPRegen  0.09/turn              (no ring)

@: quick
A: very small, no armour, no weapons or thrown items, stealth, claws 1, fangs 3,
see invisible, carnivore, speed 1, shaggy fur 1, slow metabolism 1, sharp paws
a: no special abilities


You were on level 1 of the Dungeon.
You were very full.

You visited 1 branch of the dungeon, and saw 1 of its levels.

You collected 10 gold pieces.

Inventory:

Scrolls
 a - a scroll of magic mapping {unknown}
 d - a scroll of identify {unknown}
 X - a scroll of blinking
Potions
 b - a potion of agility {unknown}
Comestibles
 c - a ration


   Skills:
 + Level 2.2 Fighting
 - Level 3.2 Dodging
 * Level 2.4 Unarmed Combat
 - Level 2.0 Spellcasting
   Level 4.4 Translocations


You had 4 spell levels left.
You didn't know any spells.
Your spell library contained the following spells:

 Spells                   Type           Power        Failure   Level  Hunger
 Blink                    Tloc           N/A          6%          2    ###....
 Gell's Gravitas          Tloc           ##........   12%         3    ####...
 Lesser Beckoning         Tloc           ##........   12%         3    ####...
 Teleport Other           Tloc           ##......     12%         3    ####...
 Shroud of Golubria       Chrm/Tloc      #.........   14%         2    ###....
 Passage of Golubria      Tloc           N/A          36%         4    #####..


Dungeon Overview and Level Annotations

Branches:
Dungeon (1/15)

Altars:


Innate Abilities, Weirdness & Mutations

You cannot wear armour.
You are incapable of wielding weapons or throwing items.
Your paws allow you to move quietly. (Stealth)
You have sharp claws.
You have razor-sharp teeth.
You have supernaturally acute eyesight. (SInv)
You are carnivorous and can eat meat at any time.
You cover ground quickly.
You are covered in fur. (AC +1)
You have a slow metabolism.
Your sharp claws are effective at attacking unaware monsters.


Message History

You butcher the goblin corpse.
b - 3 chunks of flesh
Things that are here:
a +0 dagger of distortion; a goblin skeleton
Things that are here:
a +0 dagger of distortion; a goblin skeleton Eating one of 3 chunks of flesh.
You eat one of the 3 chunks of flesh.
This raw flesh tastes great.
Eating one of 2 chunks of flesh.
You eat one of the 2 chunks of flesh.
This raw flesh tastes great.
Eating a chunk of flesh.
You eat the chunk of flesh.
This raw flesh tastes great.
b - an inky potion Health restored: 9 You now have 10 gold pieces.
Found a dagger.
Found an escape hatch in the floor.
No reachable target in view!
Found 26 arrows and a scroll labeled MIRILE GAKU.
You see here 9 bolts.
Found a stone staircase leading down.
A bat comes into view.
The bat misses you.
You scratch the bat but do no damage. The bat hits you but does no damage.
You barely miss the bat. The bat hits you but does no damage.
The bat barely misses you.
You barely miss the bat. Your bite misses the bat. The bat hits you.
The bat hits you but does no damage. The bat completely misses you.
You take 1 damage, and have 8/9 hp.
You scratch the bat.
The bat is severely wounded.
The bat hits you. The bat misses you.
You take 1 damage, and have 7/9 hp.
You closely miss the bat. You bite the bat.
You kill the bat!
No target in view!
No target in view!
No target in view!
You butcher the bat corpse.
d - a chunk of flesh You see here a bat skeleton. x2
Eating a chunk of flesh.
You eat the chunk of flesh.
This raw flesh tastes great.
d - a scroll labeled TYAHUAMIQY Health restored: 9 A rat and a hobgoblin come into view.
There are monsters nearby!
The hobgoblin shouts!
A bat comes into view.
You swing at nothing.
You swing at nothing.
You swing at nothing.
You completely miss the hobgoblin. The hobgoblin barely misses you.
You scratch the hobgoblin.
The hobgoblin is almost dead.
The hobgoblin closely misses you.
You scratch the hobgoblin but do no damage.
Your bite misses the hobgoblin.
The hobgoblin is almost dead.
The hobgoblin completely misses you.
You scratch the hobgoblin but do no damage.
The hobgoblin is almost dead.
The hobgoblin hits you with a +0 club.
Ouch! That really hurt!
* * * LOW HITPOINT WARNING * * *
You barely miss the hobgoblin.
The hobgoblin is almost dead.
You take 5 damage, and have 4/9 hp.
MASSIVE DAMAGE!!
You scratch the hobgoblin.
You kill the hobgoblin!
The bat misses you.
Unknown command.
You scratch the bat but do no damage. The bat closely misses you.
You scratch the rat.
You kill the rat!
The bat barely misses you.
You barely miss the bat. The bat hits you but does no damage.
The bat misses you.
You barely miss the bat. The bat barely misses you. The bat hits you.
* * * LOW HITPOINT WARNING * * *
Things that are here:
a +0 club; a rat corpse You take 1 damage, and have 3/9 hp.
The bat misses you.
You miss the bat. Your bite misses the bat. The bat misses you.
You barely miss the bat. The bat hits you.
* * * LOW HITPOINT WARNING * * *
You take 1 damage, and have 2/9 hp.
You swing at nothing.
The bat hits you.
* * * LOW HITPOINT WARNING * * *
You take 1 damage, and have 1/9 hp.
The bat completely misses you. The bat hits you but does no damage.
Things that are here:
a +0 club; a rat corpse You miss the bat.
The bat barely misses you. x2
You scratch the bat.
The bat is severely wounded.
The bat barely misses you. The bat hits you.
You die...

.. #.. # #.# ###.### #.#
#...... #.#
#......#####.#
#.....b@..##.# ####
....#####....########...
# #.#รท.......##...
#.#.##.....##..#
#.#.##.....##..#
#.#.##..........
..#.##>.(..#...#
############.###
#<..#..##.###


You could see a bat.

Vanquished Creatures
  A bat (D:1)
  A goblin (D:1)
  A hobgoblin (D:1)
  A kobold (D:1)
  A frilled lizard (D:1)
  A rat (D:1)
6 creatures vanquished.

Notes
Turn   | Place    | Note
-------+----------+-------------------------------------------
     0 | D:1      | Monsterracer the Felid Warper began the quest for the Orb.
     0 | D:1      | Reached XP level 1. HP: 9/9 MP: 4/4
    31 | D:1      | HP: 4/9 [kobold (4)]
   383 | D:1      | HP: 4/9 [hobgoblin/+0 club (5)]
   390 | D:1      | HP: 3/9 [bat (1)]
   394 | D:1      | HP: 1/9 [bat (1)]
   397 | D:1      | Slain by a bat

Action                   || total
-------------------------++-------
Melee: Unarmed           ||    29
       Bite              ||     1
  Eat: Chunk             ||     5
Armor: Skin              ||     5
Dodge: Dodged            ||    26

Levels and vault maps discovered:
D:1:      dpeg_arrival_brainrot, layout_loops_cross, minmay_crystal_room
